 Dungeon Crawl Stone Soup version 0.29.1-1-gd02db6906a (webtiles) character file.

Game seed: 12216205116489490607

13846 CodingLynx the Spear-Bearer (level 11, -5/104 HPs)
             Began as a Minotaur Berserker on Oct 2, 2022.
             Was a High Priest of Trog.
             Shot with a bolt by an orc (6 damage)
             ... on level 2 of the Orcish Mines.
             The game lasted 01:07:53 (12068 turns).

CodingLynx the Spear-Bearer (Minotaur Berserker)   Turns: 12068, Time: 01:07:54

Health: -5/104     AC: 21    Str: 25    XL:     11   Next: 80%
Magic:  10/10      EV:  9    Int:  4    God:    Trog [*****.]
Gold:   707        SH:  5    Dex: 11    Spells: 10/10 levels left

rFire   + . .      SeeInvis +   s - +5 halberd of Painful Death {drain, rPois rF+ Will+}
rCold   + . .      Faith    .   (shield currently unavailable)
rNeg    . . .      Spirit   .   h - +2 chain mail
rPois   +          Reflect  +   (helmet unavailable)
rElec   .          Harm     .   r - +2 cloak
rCorr   .          Rampage  .   O - +1 pair of gloves
Will    ++...      Rage     3%  t - +0 pair of boots
Stlth   ..........              d - amulet of reflection
HPRegen 0.27/turn               u - ring of protection from cold
MPRegen 0.12/turn               y - ring of see invisible

@: about to teleport, on berserk cooldown, slowed, very slow
A: horns 3, retaliatory headbutt, berserk 1, strong-willed 1
a: Renounce Religion, Berserk, Trog's Hand, Brothers in Arms


You were on level 2 of the Orcish Mines.
You worshipped Trog.
Trog was extremely pleased with you.
You visited 2 branches of the dungeon, and saw 12 of its levels.
You also visited: Ossuary.

You collected 1067 gold pieces.
You spent 360 gold pieces at shops.

Inventory:

Hand Weapons
 s - the +5 halberd of Painful Death (weapon) {drain, rPois rF+ Will+}
   (You found it on level 5 of the Dungeon)

   A truly terrible weapon, it drains the life of any living foe it strikes.
   rF:        It protects you from fire.
   rPois:     It protects you from poison.
   Will:      It increases your willpower.
 v - a +4 hand axe of venom
 L - the +5 war axe of the Magi {spect, *Rage rCorr Str+5}
   (You took it off a kobold brigand on level 9 of the Dungeon)

   When its wielder attacks, the weapon's spirit leaps out and strikes again.
   The spirit shares a part of any damage it takes with its wielder.
   Str:       It affects your strength (+5).
   *Rage:     It berserks you when you make melee attacks (+20% chance).
   rCorr:     It protects you from acid and corrosion.
 M - a +1 vorpal battleaxe
 N - the +5 spear "Gyugiohe" {freeze, rC+}
   (You found it on level 9 of the Dungeon)

   It freezes those it strikes, dealing additional cold damage.
   It can also slow down cold-blooded creatures.
   rC:        It protects you from cold.
Missiles
 c - 121 stones
 k - 11 boomerangs
Armour
 h - a +2 chain mail (worn)
 r - a +2 cloak (worn)
 t - a +0 pair of boots (worn)
 O - a +1 pair of gloves (worn)
Jewellery
 d - an amulet of reflection (around neck)
 u - a ring of protection from cold (left hand)
 y - a ring of see invisible (right hand)
 G - a ring of protection from fire
Wands
 a - a wand of light (6)
 b - a wand of flame (42)
 j - a wand of roots (15) (quivered)
 E - a wand of mindburst (18)
 P - a wand of paralysis (4)
Scrolls
 g - a scroll of poison
 m - 7 scrolls of teleportation
 o - 2 scrolls of magic mapping
 w - 3 scrolls of amnesia
 B - a scroll of silence
 F - 3 scrolls of immolation
Potions
 e - 9 potions of curing
 f - 3 potions of mutation
 i - 3 potions of degeneration
 l - 10 potions of heal wounds
 n - 2 potions of might
 p - 2 potions of magic
 q - 3 potions of cancellation
 x - a potion of berserk rage {unknown}
 z - 3 potions of lignification
 A - 4 potions of attraction {unknown}
 C - 5 potions of brilliance {unknown}
 D - 7 potions of flight {unknown}
 H - a potion of invisibility {unknown}
 I - a potion of haste
 K - a potion of ambrosia {unknown}


   Skills:
 + Level 12.1 Fighting
 - Level 9.4(12.7) Axes
 * Level 13.6(14.7) Polearms
 + Level 11.7 Armour
 - Level 2.1 Dodging


You had 10 spell levels left.
You didn't know any spells.
Your spell library contained the following spells:

 Spells                   Type           Power      Damage    Failure   Level
 Blink                    Tloc           0%         N/A       99%         2
 Ozocubu's Armour         Ice            0%         N/A       100%        3
 Manifold Assault         Tloc           0%         N/A       100%        5
 Metabolic Englaciation   Hex/Ice        0%         N/A       100%        5
 Simulacrum               Ice/Necr       0%         N/A       100%        6
 Storm Form               Tmut/Air       0%         N/A       100%        7


Dungeon Overview and Level Annotations

Branches:
Dungeon (10/15)            Temple (0/1) D:5             Orc (2/2) D:9
    Elf (0/3) Orc:2       Ossuary (visited)
   Lair: D:8-11

Altars:
Cheibriados
Dithmenos
Elyvilon
Yredelemnul

Shops:
D:7 :   D:8 *

Annotations:
D:10 2 runed translucent doors


Innate Abilities, Weirdness & Mutations

You have a pair of large horns on your head.
You reflexively headbutt those who attack you in melee.
You sometimes lose your temper in combat.
You are strong-willed. (Will+)


Message History

* * * LOW HITPOINT WARNING * * *
The centaur shoots an arrow.
The arrow hits you but does no damage.
The orc warrior shoots a bolt.
The bolt hits you but does no damage.
The orc warrior shoots a bolt.
The bolt hits you but does no damage. 2 orc warriors come into view.
The centaur shoots an arrow.
The arrow barely misses you.
The orc warrior moves out of view. x2
You hear a shout! x3
As you read the scroll of teleportation, it crumbles to dust.
You feel strangely unstable.
The centaur warrior shoots an arrow.
The arrow hits you.
* * * LOW HITPOINT WARNING * * *
The centaur shoots an arrow.
You reflect the arrow off an invisible shield around you!
The arrow hits the centaur!
You kill the centaur!
Trog accepts your kill.
The centaur warrior shoots an arrow.
The arrow hits you but does no damage.
The orc shoots a bolt.
The bolt hits you but does no damage.
The centaur warrior shoots an arrow.
The arrow hits you!
* * * LOW HITPOINT WARNING * * *
You hear a shout!
The orc warrior shouts!
The centaur wields a +0 shortbow.
The centaur shoots an arrow.
The arrow closely misses you.
The centaur warrior shoots an arrow.
The arrow hits you.
* * * LOW HITPOINT WARNING * * *
A centaur comes into view.
The centaur shoots an arrow.
You reflect the arrow off an invisible shield around you!
The arrow hits the centaur.
The centaur shoots an arrow.
The arrow hits you.
* * * LOW HITPOINT WARNING * * *
You hear a shout!
Unknown command.
The centaur warrior shoots an arrow.
The arrow barely misses you.
The orc shoots a bolt.
The bolt hits you.
* * * LOW HITPOINT WARNING * * *
The centaur shoots an arrow.
The arrow completely misses you.
The orc shoots a bolt.
The bolt hits you.
You die...

.o≈≈≈≈# #≈≈≈≈... ..... oc.≈≈≈≈###
###≈≈≈≈.... ..... .....≈≈≈≈##
##≈≈≈≈c..oc. .... ..o....≈≈≈#
#≈≈≈........ .... c.......≈≈#
#≈≈...c).... ....
.##..##§..###...##o.##.. ...
........................ ...
o.......................
..o.c......cc...@.......
.§.)....................
........................
.)...............................
.................................
.................................
.................................
....))...........................
....)............................


You could see a centaur warrior, an orc warrior, 3 centaurs and an orc.

Vanquished Creatures
  A centaur warrior (D:7)
  A two-headed ogre (D:8)
  An obsidian statue (D:10)
  Pikel (D:8)
  An ugly thing (D:7)
  A cyclops (Orc:2)
  Joseph (D:7)
  Psyche (D:8)
  Prince Ribbit (D:8)
  Sigmund (D:3)
  A wraith (D:5)
  17 yaks
  A wyvern (D:10)
  Menkaure (D:4)
  3 steam dragons
  2 wargs (Orc:2)
  A water moccasin (D:9)
  Duvessa (D:4)
  13 orc warriors
  A black bear (D:5)
  2 sky beasts (D:8)
  2 ice beasts (D:5)
  7 ogres
  A lemure (D:8)
  6 centaurs
  2 phantoms
  A kobold brigand (D:9)
  3 bullfrogs (D:7)
  Blork the orc (D:4)
  2 necrophages
  A scorpion (D:3)
  A gnoll sergeant (D:8)
  14 wights
  Dowan (D:4)
  8 killer bees
  8 howler monkeys
  2 electric eels (D:7)
  4 hounds
  4 jellies
  Crazy Yiuf (D:3)
  A gnoll bouda (D:5)
  9 orc priests
  3 iguanas
  Jessica (D:3)
  Ijyb (D:4)
  11 orc wizards
  3 hound zombies (D:3)
  8 mummies (Ossuary)
  Robin (D:3)
  6 gnolls
  4 adders
  2 shadow imps
  2 worms
  3 dart slugs
  76 orcs
  8 ball pythons
  7 endoplasms
  2 giant cockroaches
  5 hobgoblins
  4 quokkas
  5 bats
  7 frilled lizards
  A giant cockroach zombie (D:3)
  2 gnoll zombies (Ossuary)
  21 goblins
  A hobgoblin zombie (Ossuary)
  15 kobolds
  4 kobold zombies (Ossuary)
  An orc zombie (Ossuary)
  5 rats
341 creatures vanquished.

Vanquished Creatures (others)
  An orc (D:7)
  6 fungi (D:3)
  61 plants
68 creatures vanquished.

Grand Total: 409 creatures vanquished

Notes
Turn   | Place    | Note
-------+----------+-------------------------------------------
     0 | D:1      | CodingLynx the Minotaur Berserker began the quest for the
                  | Orb.
     0 | D:1      | Reached XP level 1. HP: 19/19 MP: 0/0
   258 | D:1      | Reached XP level 2. HP: 27/27 MP: 1/1
   870 | D:1      | Reached ** piety under Trog
  1160 | D:2      | Reached XP level 3. HP: 30/33 MP: 2/2
  1774 | D:2      | Gained mutation: Your body sometimes deteriorates upon
                  | taking damage. [potion of mutation]
  1774 | D:2      | Gained mutation: You are agile. (Dex +4, Str/Int -1)
                  | [potion of mutation]
  1833 | D:3      | Noticed Robin
  1840 | D:3      | Killed Robin
  1842 | D:3      | Reached XP level 4. HP: 41/41 MP: 3/3
  1848 | D:3      | Reached skill level 5 in Axes
  1857 | D:3      | Reached *** piety under Trog
  2150 | D:3      | Found a basalt altar of Yredelemnul.
  2176 | D:3      | Noticed Sigmund
  2176 | D:3      | Noticed a scorpion
  2190 | D:3      | Killed a scorpion
  2191 | D:3      | Reached XP level 5. HP: 47/47 MP: 4/4
  2198 | D:3      | Killed Sigmund
  2199 | D:3      | Reached skill level 5 in Fighting
  2199 | D:3      | Reached XP level 6. HP: 56/56 MP: 5/5
  2238 | D:3      | Noticed Jessica
  2244 | D:3      | Killed Jessica
  2457 | D:3      | Found a runed translucent door.
  2458 | D:3      | Noticed Crazy Yiuf
  2466 | D:3      | Killed Crazy Yiuf
  2758 | D:4      | Reached skill level 5 in Armour
  2758 | D:4      | Reached XP level 7. HP: 61/62 MP: 6/6
  2795 | D:4      | Noticed Blork the orc
  2813 | D:4      | Killed Blork the orc
  3010 | D:4      | Noticed Duvessa
  3010 | D:4      | Noticed Dowan
  3021 | D:4      | Killed Dowan
  3026 | D:4      | Killed Duvessa
  3313 | D:4      | Noticed Menkaure
  3324 | D:4      | Killed Menkaure
  3562 | D:4      | Reached XP level 8. HP: 71/71 MP: 7/7
  3747 | D:4      | Noticed Ijyb
  3751 | D:4      | Killed Ijyb
  3925 | D:5      | Entered Level 5 of the Dungeon
  4290 | D:5      | Identified the +5 halberd of Painful Death {drain, rPois
                  | rF+ Will+}
  4359 | D:5      | Found a snail-covered altar of Cheibriados.
  4559 | D:5      | Reached skill level 1 in Polearms
  4583 | D:5      | Reached skill level 2 in Polearms
  4589 | D:5      | Reached skill level 3 in Polearms
  4762 | D:5      | Found a staircase to the Ecumenical Temple.
  4893 | D:6      | Reached skill level 4 in Polearms
  5126 | D:6      | Found a sand-covered staircase.
  5135 | Ossuary  | Entered an ossuary
  5149 | Ossuary  | Reached **** piety under Trog
  5236 | Ossuary  | Reached XP level 9. HP: 81/81 MP: 8/8
  5435 | Ossuary  | Lost mutation: You are agile. (Dex +4, Str/Int -1) [potion
                  | of mutation]
  5435 | Ossuary  | Lost mutation: Your body sometimes deteriorates upon taking
                  | damage. [potion of mutation]
  5435 | Ossuary  | Gained mutation: You are strong-willed. (Will+) [potion of
                  | mutation]
  5435 | Ossuary  | Gained mutation: You are agile. (Dex +4, Str/Int -1)
                  | [potion of mutation]
  5435 | Ossuary  | Gained mutation: You are very agile. (Dex +8, Str/Int -2)
                  | [potion of mutation]
  5436 | Ossuary  | Lost mutation: You are very agile. (Dex +8, Str/Int -2)
                  | [potion of mutation]
  5436 | Ossuary  | Lost mutation: You are agile. (Dex +4, Str/Int -1) [potion
                  | of mutation]
  5436 | Ossuary  | Gained mutation: You have a pair of large horns on your
                  | head. [potion of mutation]
  5436 | Ossuary  | Gained mutation: You sometimes lose your temper in combat.
                  | [potion of mutation]
  5495 | D:6      | Reached skill level 5 in Polearms
  5726 | D:6      | Found a shadowy altar of Dithmenos.
  5726 | D:6      | Found a white marble altar of Elyvilon.
  6252 | D:7      | Reached skill level 6 in Polearms
  6352 | D:7      | Found Syseozxo's Book Shoppe.
  6565 | D:7      | Noticed a centaur warrior
  6571 | D:7      | Reached skill level 7 in Polearms
  6583 | D:7      | Killed a centaur warrior
  6583 | D:7      | Noticed a brown ugly thing
  6584 | D:7      | Reached skill level 8 in Polearms
  6823 | D:7      | Killed a brown ugly thing
  6824 | D:7      | Reached XP level 10. HP: 91/91 MP: 9/9
  6919 | D:7      | Noticed Joseph
  6925 | D:7      | Killed Joseph
  6926 | D:7      | Reached skill level 9 in Polearms
  7571 | D:8      | Reached skill level 10 in Fighting
  7942 | D:8      | Noticed Pikel
  7951 | D:8      | Killed Pikel
  7952 | D:8      | Reached skill level 10 in Polearms
  8169 | D:8      | Noticed Prince Ribbit
  8169 | D:8      | Noticed a two-headed ogre
  8179 | D:8      | Killed a two-headed ogre
  8180 | D:8      | Reached skill level 10 in Armour
  8184 | D:8      | Killed Prince Ribbit
  8185 | D:8      | Reached skill level 11 in Polearms
  8251 | D:8      | Noticed Psyche
  8255 | D:8      | Killed Psyche
  8266 | D:8      | Found Woym's Assorted Antiques.
  8271 | D:8      | Bought a scroll of identify for 60 gold pieces
  8271 | D:8      | Bought a potion of heal wounds for 150 gold pieces
  8271 | D:8      | Bought a potion of heal wounds for 150 gold pieces
  8661 | D:9      | Reached XP level 11. HP: 101/101 MP: 10/10
  8950 | D:9      | Found a staircase to the Orcish Mines.
  8995 | D:9      | Identified the +5 war axe of the Magi {spect, *Rage rCorr
                  | Str+5}
  9025 | D:9      | Reached skill level 12 in Polearms
  9163 | D:9      | Identified the +5 spear "Gyugiohe" {freeze, rC+}
  9438 | D:10     | Entered Level 10 of the Dungeon
 10027 | D:10     | Found a runed translucent door.
 10056 | D:10     | Found a runed translucent door.
 10141 | D:10     | Found a runed translucent door.
 10160 | D:10     | Found a runed translucent door.
 10663 | D:10     | Reached ***** piety under Trog
 10844 | D:10     | Noticed an obsidian statue
 10902 | D:10     | Killed an obsidian statue
 11306 | Orc:1    | Entered Level 1 of the Orcish Mines
 11318 | Orc:1    | Reached skill level 13 in Polearms
 11497 | Orc:2    | Entered Level 2 of the Orcish Mines
 11580 | Orc:2    | Found a staircase to the Elven Halls.
 12042 | Orc:2    | Noticed a centaur warrior
 12062 | Orc:2    | Noticed an orc knight
 12067 | Orc:2    | HP: 5/104 [centaur/arrow (2)]
 12068 | Orc:2    | HP: 1/104 [orc/bolt (4)]
 12068 | Orc:2    | Shot with a bolt by an orc

Illustrated notes

Levels and vault maps discovered:
D:1:      dpeg_arrival_simpleton_b, layout_basic, minmay_misc_feat_rugged
D:2:      layout_rooms, minmay_heptomino_l4
D:3:      layout_rooms, nicolae_yredelemnul_corpse_copse, uniq_jessica,
          uniq_robin, uniq_sigmund, uniq_crazy_yiuf_cottage
D:4:      layout_basic, uniq_duvessa, uniq_ijyb, uniq_menkaure,
          uniq_blork_the_orc
D:5:      layout_basic, kennysheep_slug_shrine,
          minmay_temple_entry_enclosed_plants, serial_bayou_pond_c,
          serial_bayou_pond_b, minmay_checkerbox
D:6:      layout_basic, nicolae_overflow_two_pavilions,
          chequers_ossuary_entry_cave, dk_vineyard_1
D:7:      nzn_winding_woodlands_three_and_one
          [nzn_winding_woodlands_5x15_split_checker,
          nzn_winding_woodlands_5x15_river_crossing,
          nzn_winding_woodlands_5x15_longhouse,
          nzn_winding_woodlands_center_diamonds], layout_rooms, serial_shops,
          shop, serial_bayou_lagoon_a, uniq_joseph
D:8:      layout_loops_ring, serial_shops, nicolae_shop_stone, uniq_psyche,
          uniq_pikel, uniq_prince_ribbit1
D:9:      layout_roguey, hiddenorc1_lemuel, nicolae_wwwww
D:10:     layout_loops_corners, special_room [special_room_orc],
          minmay_crystal_water, minmay_misc_feat_more_columns,
          minmay_statue_crystal_thing
Orc:1:    layout_caves
Orc:2:    st_orc_rangers, layout_caves, nicolae_volcano_entry_s_turn

Skill      XL: |  1  2  3  4  5  6  7  8  9 10 11 |
---------------+----------------------------------+-----
Axes           | 4 5 6 7 8 9 |  9.4
Fighting       | 4 5 6 7 9 10 12 | 12.1
Armour         | 3 4 5 6 7 9 10 11 | 11.7
Polearms       | 4 8 11 13 | 13.6
Dodging        | |  2.1

Action                   |  1- 3 |  4- 6 |  7- 9 | 10-12 || total
-------------------------+-------+-------+-------+-------++-------
Melee: Hand axe          |    70 |    99 |     7 |       ||   176
       Headbutt          |     6 |    21 |    32 |    51 ||   110
       Punch             |       |     1 |     2 |       ||     3
       War axe           |       |       |    76 |       ||    76
       Halberd           |       |       |   138 |   365 ||   503
Throw: Stone             |    10 |       |       |       ||    10
       Boomerang         |    32 |     4 |    10 |       ||    46
Invok: Berserk           |     1 |     2 |     5 |     6 ||    14
       Trog's Hand       |       |     3 |     4 |     5 ||    12
Evoke: Wand              |       |       |     2 |     4 ||     6
  Use: Scroll            |     9 |     3 |     7 |     9 ||    28
       Potion            |     1 |       |     2 |       ||     3
Armor: Animal skin       |     3 |       |       |       ||     3
       Ring mail         |    12 |       |       |       ||    12
       Chain mail        |     8 |    44 |   103 |   166 ||   321
Dodge: Dodged            |    27 |    23 |    86 |    97 ||   233
Block: Other             |       |       |       |    32 ||    32
       Reflection        |       |       |       |    11 ||    11
